 Dungeon Crawl Stone Soup version 0.19-a0-1254-gb9c29c0 (webtiles) character file.

158 FrankyJ the Ducker (level 5, -3/42 HPs)
             Began as a Merfolk Gladiator on Aug 27, 2016.
             Was a Believer of Uskayaw.
             Slain by an orc
             ... wielding a +0 mace
              (9 damage)
             ... on level 3 of the Dungeon.
             The game lasted 00:04:49 (1931 turns).

FrankyJ the Ducker (Merfolk Gladiator)              Turns: 1931, Time: 00:04:51

Health: -3/42      AC:  5    Str: 15    XL:     5   Next: 40%
Magic:  5/5        EV: 16    Int:  7    God:    Uskayaw [**....]
Gold:   79         SH:  0    Dex: 16    Spells: 0 memorised, 4 levels left

rFire  . . .     SeeInvis .     a - +0 trident
rCold  . . .     Gourm    .     b - +0 leather armour
rNeg   . . .     Faith    .     (no shield)
rPois  .         Spirit   .     g - +1 helmet
rElec  .         Dismiss  .     (no cloak)
rCorr  .         Reflect  .     (no gloves)
MR     .....     Harm     .     (no boots)
Stlth  +......... Rnd*Tele +    (no amulet)
                                (no ring)
                                k - ring of teleportation (curse)

@: slowed, very slow
A: change form in water, swift swim, stealthy swim
a: Stomp, Line Pass, Renounce Religion


You were on level 3 of the Dungeon.
You worshipped Uskayaw.
Uskayaw was noncommittal.
You were hungry.

You visited 1 branch of the dungeon, and saw 3 of its levels.

You collected 79 gold pieces.

Inventory:

Hand Weapons
 a - a +0 trident (weapon)
 h - a +2 dagger of venom
Missiles
 d - 3 throwing nets (quivered)
 i - 6 tomahawks
Armour
 b - a +0 leather armour (worn)
 g - a +1 helmet (worn)
Jewellery
 k - a cursed ring of teleportation (left hand)
Wands
 c - a wand of slowing (17/48)
Scrolls
 e - 4 scrolls of teleportation
 l - a scroll of blinking
Potions
 j - a potion of cancellation {unknown}
 m - 2 potions of lignification {unknown}
 p - 2 potions of heal wounds {unknown}
Comestibles
 f - 3 bread rations
 n - 2 beef jerkies
 q - a royal jelly


   Skills:
 + Level 3.7 Fighting
 - Level 4.4 Polearms
 - Level 2.0 Throwing
 * Level 6.8 Dodging


You had 4 spell levels left.
You didn't know any spells.

Dungeon Overview and Level Annotations

Branches:
Dungeon (3/15)

Altars:
Fedhas
Nemelex Xobeh
Trog
Uskayaw


Message History

The orc hits you with a mace.
* * * LOW HITPOINT WARNING * * *
You barely miss the orc.
The orc is heavily wounded.
The orc wizard gestures wildly while chanting.
The orc wizard blinks!
The orc wizard misses you.
You can no longer pass through a line of other dancers.
You puncture the orc wizard!
The orc wizard is severely wounded.
The orc misses you.
The orc wizard gestures at you while chanting.
You feel yourself slow down.
You can now pass through a line of other dancers.
You are feeling hungry.
You hit the orc wizard but do no damage.
The orc wizard is severely wounded.
The orc hits you but does no damage. The orc wizard hits you with a dagger.
* * * LOW HITPOINT WARNING * * *
The orc hits you with a mace!
You die...

#.######............###
#..............).......#
######.##..............#
#.###.#........#..#
#.....#...........#
#####.#.##....#..#
#.#.##.......#
####............#
#oo@o.........#.#
#ยง####........#.# #)#
######.#.#+#### #)#
...#.....<. #o#
#####......# #o#
#......# ###.# ##......#
#...# ###.......# #.###
...........#


You could see an orc wizard and 2 orcs.

Vanquished Creatures
  2 orc wizards (D:3)
  Jessica (D:3)
  Terence (D:2)
  An adder (D:2)
  A giant gecko (D:2)
  2 ball pythons
  4 giant cockroaches
  4 goblins (D:1)
  5 hobgoblins
  7 jackals (D:1)
  A kobold (D:3)
  A quokka (D:2)
  5 bats
  4 rats
39 creatures vanquished.

Notes
Turn   | Place    | Note
-------+----------+-------------------------------------------
     0 | D:1      | FrankyJ the Merfolk Gladiator began the quest for the Orb.
     0 | D:1      | Reached XP level 1. HP: 16/16 MP: 1/1
    54 | D:1      | Reached XP level 2. HP: 18/23 MP: 2/2
   721 | D:1      | Found a sparkling altar of Nemelex Xobeh.
   746 | D:1      | Reached skill level 5 in Dodging
   746 | D:1      | Reached XP level 3. HP: 28/28 MP: 3/3
  1104 | D:2      | Found a bloodstained altar of Trog.
  1120 | D:2      | Noticed Terence
  1130 | D:2      | Killed Terence
  1130 | D:2      | Reached XP level 4. HP: 25/35 MP: 4/4
  1290 | D:2      | Found a blossoming altar of Fedhas.
  1425 | D:2      | Found a hide-covered altar of Uskayaw.
  1434 | D:2      | Became a worshipper of Uskayaw the Reveler
  1794 | D:3      | Noticed Jessica
  1800 | D:3      | Reached * piety under Uskayaw
  1809 | D:3      | Killed Jessica
  1809 | D:3      | Reached skill level 6 in Dodging
  1809 | D:3      | Reached ** piety under Uskayaw
  1919 | D:3      | Reached XP level 5. HP: 13/41 MP: 5/5
  1931 | D:3      | Slain by an orc

Vault maps used:
D:1:      roderic_crossed_star, nemelex_xobeh_ov_fountains_minmay
D:2:      nicolae_overflow_crystal_walls, lemuel_doored_altar,
          lemuel_round_altar, uniq_terence
D:3:      yredelemnul_altar_generic, ecumenical_altar_1, portal_sewer_entry_b,
          uniq_natasha, uniq_jessica

Skill      XL: |  1  2  3  4 |
---------------+-------------+-----
Dodging        | 5 6 |  6.8
Fighting       | 3 |  3.7
Polearms       | |  4.4
Throwing       | |  2.0

Action                   |  1- 3 |  4- 6 || total
-------------------------+-------+-------++-------
Melee: Trident           |   102 |    77 ||   179
  Use: Scroll            |     2 |     1 ||     3
 Stab: Sleeping          |       |     1 ||     1
  Eat: Chunk             |       |     3 ||     3
Armor: Leather armour    |    39 |    17 ||    56
Dodge: Dodged            |   122 |    70 ||   192
